 Dungeon Crawl Stone Soup version 0.18.1-8-gdd0e5ea (webtiles) character file.

13213 varitox the Blocker (level 11, -2/97 HPs)
             Began as a Minotaur Fighter on May 28, 2016.
             Was a High Priest of Okawaru.
             Slain by an orc warrior
             ... wielding a +0 battleaxe
             ... led by an orc high priest
              (5 damage)
             ... on level 2 of the Orcish Mines.
             The game lasted 01:21:53 (11829 turns).

varitox the Blocker (Minotaur Fighter)             Turns: 11829, Time: 01:21:53

Health: -2/97      AC: 20    Str: 23    XL:     11   Next: 72%
Magic:  12/12      EV:  4    Int:  5    God:    Okawaru [*****.]
Gold:   229        SH: 14    Dex: 14    Spells: 0 memorised, 10 levels left

rFire  . . .     SeeInvis .     S - +6 long sword (elec)
rCold  + + .     Gourm    .     a - +1 plate armour {rC+}
rNeg   . . .     Faith    .     U - +1 shield {rC+}
rPois  .         Spirit   .     (helmet restricted)
rElec  .         Dismiss  .     (no cloak)
rCorr  .         Reflect  .     F - +0 pair of gloves {Dex+3}
SustAt .         Harm     .     z - +2 pair of boots
MR     +....     Clarity  +     e - amulet of regeneration
Stlth  ..........               q - ring of flight
                                b - ring of protection from magic

@: lethally poisoned (-2 -> -33), somewhat resistant to hostile enchantments,
extremely unstealthy
A: retaliatory headbutt, horns 2, clarity
a: Heroism, Finesse, Renounce Religion, Evoke Flight


You were on level 2 of the Orcish Mines.
You worshipped Okawaru.
Okawaru was extremely pleased with you.
You were not hungry.

You visited 4 branches of the dungeon, and saw 18 of its levels.
You also visited: Bailey.

You collected 1113 gold pieces.
You spent 884 gold pieces at shops.

Inventory:

Hand Weapons
 S - a +6 long sword of electrocution (weapon)
Missiles
 l - 3 tomahawks of dispersal
 t - 40 tomahawks of returning (quivered)
 M - 4 silver tomahawks
 Q - 12 javelins of penetration
Armour
 a - a +1 plate armour of cold resistance (worn)
 z - a +2 pair of boots (worn)
 F - a +0 pair of gloves of dexterity (worn)
 U - a +1 shield of cold resistance (worn)
Jewellery
 b - a ring of protection from magic (left hand)
 e - an amulet of regeneration (around neck)
 o - an uncursed ring of positive energy
 q - a ring of flight (right hand)
 u - an uncursed ring of sustain attributes
 x - an uncursed ring of resist corrosion
 A - an uncursed ring of see invisible
Wands
 g - a wand of disintegration (15/24)
 j - a wand of confusion (15/48)
 m - a wand of acid (5/15)
 y - a wand of flame (35/48)
 B - a wand of digging (18/24)
 J - a wand of enslavement (10/24)
 P - a wand of paralysis (13/24)
Scrolls
 h - 2 scrolls of random uselessness {unknown}
 i - 6 scrolls of remove curse
 n - 2 scrolls of recharging
 s - 4 scrolls of teleportation
 O - a scroll of magic mapping
Potions
 d - 4 potions of might
 p - 2 potions of haste
 r - a potion of agility {unknown}
 v - 9 potions of curing
 w - a potion of ambrosia
 C - a potion of cure mutation
 E - 2 potions of heal wounds
Miscellaneous
 k - a phial of floods (inert)
 W - a stone of tremors
Comestibles
 c - 2 chunks of flesh
 f - 10 bread rations
 D - 2 beef jerkies
 L - 2 meat rations


   Skills:
 + Level 9.6 Fighting
   Level 6.9(7.9) Short Blades
 + Level 6.3(8.0) Long Blades
   Level 4.2 Maces & Flails
 + Level 2.4 Throwing
 + Level 10.9 Armour
 + Level 5.0 Dodging
 + Level 12.6 Shields
 + Level 0.6 Invocations
 * Level 3.2 Evocations


You had 10 spell levels left.
You didn't know any spells.

Dungeon Overview and Level Annotations

Branches:
Dungeon (13/15)            Temple (1/1) D:5            Lair (2/8) D:10
    Orc (2/2) D:11
    Elf: Orc:2       Vaults: D:13-14

Altars:
Ashenzari
Cheibriados
Dithmenos
Elyvilon
Fedhas
Gozag
Kikubaaqudgha
Makhleb
Nemelex Xobeh
Okawaru
Pakellas
Qazlal
Ru
Sif Muna
Trog
Vehumet
Xom
Yredelemnul
Zin
The Shining One

Shops:
D:7 **=*%   D:8 [   D:10 *   D:11 *=!=:   D:13 ?

Portals:
Trove: D:11 (give +7 demon blade)

Annotations:
Orc:2 Nessos


Innate Abilities, Weirdness & Mutations

You reflexively headbutt those who attack you in melee.
You have a pair of horns on your head.
You possess an exceptional clarity of mind.


Message History

You are more poisoned.
You see here 2 arrows.
You feel sick.
Nessos shoots an arrow.
The arrow hits you!
* * * LOW HITPOINT WARNING * * *
The arrow burns you.
You are more poisoned.
* * * LOW HITPOINT WARNING * * *
Nessos shoots an arrow.
You block the arrow.
There is a stone staircase leading up, spattered with blood here.
You see here 10 arrows.
* * * LOW HITPOINT WARNING * * *
You feel very sick.
Nessos stands on his hind legs for a moment.
Nessos shoots an arrow.
The arrow hits you!
* * * LOW HITPOINT WARNING * * *
The arrow burns you.
You are more poisoned.
* * * LOW HITPOINT WARNING * * *
The orc warrior hits you with a battleaxe.
You die...

......P...
$..........
...........##
.......#....
.......#...
.........##
##.......)##
#.......o@.##
#.....)....#
...#....(....##
.........c..##
...........##
....3o....##
........###
........#
.......##


You could see Nessos, a soul eater, an orc high priest and an orc warrior.

Vanquished Creatures
  An orc high priest (Orc:1)
  3 hill giants
  An orc knight (Bailey)
  An ugly thing (D:11)
  A gargoyle (D:11)
  A spiny frog (Lair:1)
  A centaur skeleton (D:11)
  2 trolls
  A two-headed ogre (D:10)
  A spriggan (D:9)
  Eustachio (D:4)
  5 yaks (Lair:2)
  A basilisk (Lair:2)
  5 hippogriffs
  2 hungry ghosts
  3 wargs (D:11)
  A hell hound (D:10)
  A sky beast (D:7)
  A porcupine (Lair:2)
  8 orc warriors
  2 water moccasins
  A wasp (D:9)
  A black bear (D:9)
  2 ice beasts
  7 ogres
  2 phantoms
  7 centaurs
  A big kobold (D:8)
  10 giant frogs
  A wyvern zombie (D:8)
  5 scorpions
  14 killer bees
  9 howler monkeys
  2 crimson imps (D:5)
  A giant frog zombie (D:9)
  4 hounds
  2 giant frog skeletons
  4 orc priests
  4 iguanas
  12 orc wizards
  10 worker ants
  4 sheep (Lair:1)
  A killer bee zombie (D:11)
  A hound skeleton (D:6)
  A worker ant zombie (D:7)
  8 gnolls
  12 adders
  2 shadow imps
  2 worms
  2 dart slugs (D:1)
  6 giant geckos
  37 orcs
  10 bats
  8 giant cockroaches
  12 goblins
  11 hobgoblins
  12 jackals
  4 quokkas
  3 ball pythons
  A giant cockroach zombie (D:5)
  2 giant newts (D:1)
  29 kobolds
  2 quokka skeletons
  8 rats
320 creatures vanquished.

Vanquished Creatures (collateral kills)
  A hell hound (D:10)
1 creature vanquished.

Vanquished Creatures (others)
  2 plants (Lair:2)
2 creatures vanquished.

Grand Total: 323 creatures vanquished

Notes
Turn   | Place    | Note
--------------------------------------------------------------
     0 | D:1      | varitox the Minotaur Fighter began the quest for the Orb.
     0 | D:1      | Reached XP level 1. HP: 19/19 MP: 0/0
   294 | D:1      | Reached XP level 2. HP: 27/27 MP: 1/1
   639 | D:1      | Reached XP level 3. HP: 33/33 MP: 2/2
  1022 | D:2      | Reached skill level 4 in Shields
  1156 | D:2      | Found a white marble altar of Elyvilon.
  1250 | D:2      | Reached XP level 4. HP: 40/40 MP: 3/3
  1891 | D:3      | Found a bloodstained altar of Trog.
  1907 | D:4      | Found a glowing golden altar of the Shining One.
  1907 | D:4      | Found an oddly glowing altar of Pakellas.
  1907 | D:4      | Found a burning altar of Makhleb.
  1907 | D:4      | Found a deep blue altar of Sif Muna.
  1907 | D:4      | Found a shimmering altar of Xom.
  1935 | D:3      | Reached skill level 1 in Throwing
  1935 | D:3      | Reached skill level 1 in Dodging
  1935 | D:3      | Reached XP level 5. HP: 41/47 MP: 4/4
  1981 | D:4      | Found a radiant altar of Vehumet.
  1981 | D:4      | Found a glowing silver altar of Zin.
  2240 | D:3      | Reached skill level 5 in Shields
  2761 | D:4      | Reached skill level 5 in Armour
  2761 | D:4      | Reached XP level 6. HP: 50/53 MP: 5/5
  2920 | D:5      | Entered Level 5 of the Dungeon
  3084 | D:4      | Found a blossoming altar of Fedhas.
  3118 | D:4      | Noticed Eustachio
  3208 | D:4      | Killed Eustachio
  3609 | D:4      | Reached skill level 1 in Short Blades
  3609 | D:4      | Reached XP level 7. HP: 55/60 MP: 6/6
  4001 | D:5      | Found a staircase to the Ecumenical Temple.
  4016 | Temple   | Entered the Ecumenical Temple
  4058 | Temple   | Became a worshipper of Warmaster Okawaru
  4295 | D:5      | Found an opulent altar of Gozag.
  4397 | D:5      | Reached skill level 5 in Fighting
  4397 | D:5      | Reached skill level 6 in Shields
  5031 | D:6      | Reached XP level 8. HP: 68/68 MP: 7/7
  5041 | D:6      | Reached * piety under Okawaru
  5416 | D:6      | Reached skill level 7 in Shields
  5716 | D:8      | Found a snail-covered altar of Cheibriados.
  5726 | D:8      | Reached ** piety under Okawaru
  5822 | D:7      | Found Hoduodd's Food Boutique.
  5971 | D:7      | Found Piusuat's Jewellery Shop.
  6010 | D:7      | Reached skill level 8 in Shields
  6059 | D:7      | Found Opyerghou's Assorted Antiques.
  6067 | D:7      | Bought a scroll of enchant armour for 202 gold pieces
  6185 | D:7      | Found Fyibeap's General Store.
  6189 | D:7      | Bought a potion of haste for 120 gold pieces
  6319 | D:7      | Reached XP level 9. HP: 75/75 MP: 8/8
  6515 | D:7      | Reached skill level 5 in Short Blades
  6854 | D:7      | Found Bycheusm's Assorted Antiques.
  7004 | D:8      | Reached *** piety under Okawaru
  7015 | D:8      | Reached skill level 9 in Shields
  7200 | D:9      | Found a glowing golden altar of the Shining One.
  7534 | D:9      | Reached **** piety under Okawaru
  7562 | D:9      | Reached skill level 10 in Shields
  7562 | D:9      | Reached XP level 10. HP: 54/86 MP: 9/9
  7616 | D:9      | Found a glowing silver altar of Zin.
  7692 | D:9      | Found a flagged portal.
  7706 | Bailey   | Entered a bailey
  7730 | Bailey   | Noticed an orc knight
  7754 | Bailey   | Killed an orc knight
  8155 | D:10     | Entered Level 10 of the Dungeon
  8412 | D:8      | Noticed a hill giant
  8427 | D:8      | Killed a hill giant
  8427 | D:8      | Received a gift from Okawaru
  8673 | D:8      | Found a white marble altar of Elyvilon.
  8698 | D:8      | Found Isohiss's Antique Armour Shoppe.
  8708 | D:8      | Bought a runed shield for 112 gold pieces
  8828 | D:8      | Reached skill level 1 in Long Blades
  8897 | D:8      | Reached skill level 11 in Shields
  9522 | D:10     | Found an opulent altar of Gozag.
  9646 | D:10     | Received a gift from Okawaru
  9855 | D:10     | Reached skill level 10 in Armour
  9873 | D:10     | Found a staircase to the Lair.
  9888 | Lair:1   | Entered Level 1 of the Lair of Beasts
  9905 | Lair:1   | Noticed a spiny frog
  9917 | Lair:1   | Killed a spiny frog
  9917 | Lair:1   | Reached ***** piety under Okawaru
  9954 | Lair:2   | Reached skill level 5 in Dodging
  9963 | Lair:2   | Reached XP level 11. HP: 89/95 MP: 10/10
 10187 | D:10     | Found Livaigg's Assorted Antiques.
 10455 | D:11     | Found Katinan's Jewellery Emporium.
 10463 | D:11     | Found Ufelueme's Book Shoppe.
 10563 | D:11     | Found a staircase to the Orcish Mines.
 10576 | D:11     | Reached skill level 1 in Evocations
 10587 | Orc:1    | Entered Level 1 of the Orcish Mines
 10590 | Orc:1    | Noticed an orc high priest
 10640 | D:11     | Bought an uncursed amulet of regeneration for 450 gold pieces
 10772 | D:11     | Found Lyssuos's Distillery.
 10781 | D:11     | Found Riutealec's Jewellery Emporium.
 10787 | D:11     | Found a portal to a secret trove of treasure.
 10807 | D:13     | Found Loru's Magic Scroll Shoppe.
 10822 | D:11     | Noticed a hill giant
 10874 | D:11     | Killed a hill giant
 10874 | D:11     | Reached skill level 5 in Long Blades
 10874 | D:11     | Reached skill level 12 in Shields
 10922 | D:11     | Noticed a purple ugly thing
 10929 | D:11     | Killed a purple ugly thing
 10936 | D:11     | Received a gift from Okawaru
 10948 | D:11     | Gained mutation: You can translocate small distances at will. [mutagenic meat]
 10949 | D:11     | Gained mutation: You tend to lose your temper in combat. [mutagenic meat]
 10950 | D:11     | Lost mutation: You tend to lose your temper in combat. [potion of cure mutation]
 10950 | D:11     | Lost mutation: You can translocate small distances at will. [potion of cure mutation]
 10951 | D:11     | Gained mutation: You possess an exceptional clarity of mind. [mutagenic meat]
 10996 | D:11     | Found Mos Unk's Assorted Antiques.
 11194 | D:11     | Noticed a hill giant
 11207 | D:11     | Killed a hill giant
 11207 | D:11     | Received a gift from Okawaru
 11326 | Orc:1    | Killed an orc high priest
 11754 | Orc:2    | Entered Level 2 of the Orcish Mines
 11754 | Orc:2    | Noticed Nessos
 11758 | Orc:2    | Received a gift from Okawaru
 11823 | Orc:2    | Noticed an orc high priest
 11824 | Orc:2    | Noticed a soul eater
 11829 | Orc:2    | HP: 3/97 [Nessos/arrow (3)]
 11829 | Orc:2    | Slain by an orc warrior

Skill      XL: |  1  2  3  4  5  6  7  8  9 10 11 |
---------------+----------------------------------+-----
Armour         | 4 5 6 7 8 10 | 10.9
Fighting       | 4 5 6 7 8 9 |  9.6
Shields        | 4 5 6 8 10 11 12 | 12.6
Maces & Flails | 3 4 |  4.2
Throwing       | 1 2 |  2.4
Dodging        | 1 3 4 5 |  5.0
Short Blades   | 1 3 4 6 |  6.9
Long Blades    | 4 6 |  6.3
Evocations     | 3 |  3.2
Invocations    | |  0.6

Action                   |  1- 3 |  4- 6 |  7- 9 | 10-12 || total
-------------------------+-------+-------+-------+-------++-------
Melee: Flail             |    58 |    14 |       |       ||    72
       Headbutt          |    15 |    36 |    75 |    85 ||   211
       Whip              |    58 |   162 |       |       ||   220
       Rapier            |       |    18 |   425 |   145 ||   588
       Long sword        |       |       |       |   289 ||   289
Throw: Tomahawk          |     8 |     9 |     8 |    12 ||    37
       Javelin           |       |       |       |     3 ||     3
Invok: Heroism           |       |       |     1 |     2 ||     3
 Abil: Stop Flying       |       |       |       |     4 ||     4
       Evoke Flight      |       |       |       |     4 ||     4
Evoke: Phial of floods   |       |       |       |     1 ||     1
  Use: Scroll            |       |     2 |    16 |    10 ||    28
       Potion            |       |       |       |     3 ||     3
  Eat: Chunk             |     1 |     8 |    16 |    16 ||    41
       Fruit             |       |       |       |     5 ||     5
       Royal jelly       |       |       |       |     1 ||     1
       Pizza             |       |       |       |     1 ||     1
Armor: Scale mail        |    46 |   101 |       |       ||   147
       Plate armour      |       |     2 |   231 |   217 ||   450
Dodge: Dodged            |    38 |    70 |    89 |   168 ||   365
Block: Shield            |    63 |   134 |   238 |   326 ||   761
